 Dungeon Crawl Stone Soup version 0.27.1-15-g792fb953b9 (webtiles) character file.

Game seed: 12976579274622009164

343 bearlyready the Insei (level 6, 0/38 HPs)
             Began as an Octopode Transmuter on Nov 20, 2021.
             Was an Initiate of Gozag.
             Succumbed to a water moccasin's poison
             ... on level 5 of the Dungeon.
             The game lasted 00:06:59 (4827 turns).

bearlyready the Insei (Octopode Transmuter)         Turns: 4827, Time: 00:06:59

Health: 0/38       AC:  2    Str:  9    XL:     6   Next: 57%
Magic:  6/9        EV: 23    Int: 17    God:    Gozag
Gold:   422        SH:  0    Dex: 18    Spells: 3/9 levels left

rFire    . . .     SeeInvis .     - Unarmed
rCold    . . .     Faith    .   (shield currently unavailable)
rNeg     . . .     Spirit   .   (helmet currently unavailable)
rPois    x         Reflect  .   (no amulet)
rElec    .         Harm     .   k - +4 ring of evasion
rCorr    .         Rampage  .   (no ring)
Will     .....                  (no ring)
Stlth    ++........             (no ring)
HPRegen  0.12/turn              (no ring)
MPRegen  0.11/turn              (no ring)
                                (no ring)
                                (no ring)

@: lethally poisoned (0 -> -4), spider-form, gold aura
A: venomous fangs, almost no armour, (amphibious), 8 rings, tiny, (camouflage
1), (gelatinous body 1), (nimble swimmer 1), (tentacles)
a: End Transformation, Renounce Religion, Potion Petition, Call Merchant, Bribe
Branch


You were on level 5 of the Dungeon.
You worshipped Gozag.
Gozag was aware of your devotion.
You were a venomous arachnid creature.
You visited 1 branch of the dungeon, and saw 5 of its levels.

You collected 455 gold pieces.
You paid 33 gold pieces to Gozag.

Inventory:

Armour
 b - a +0 kite shield
Jewellery
 a - a ring of fire
 k - a +4 ring of evasion (left front leg)
 n - a ring of magical power
Scrolls
 c - a scroll of brand weapon {unknown}
 g - 2 scrolls of identify {unknown}
 i - 2 scrolls of teleportation {unknown}
Potions
 e - 3 potions of attraction
 m - a potion of brilliance


   Skills:
 - Level 1.0 Fighting
 - Level 2.0 Dodging
 + Level 1.9 Stealth
 + Level 4.9 Unarmed Combat
 - Level 2.0 Spellcasting
 + Level 4.4 Transmutations
 - Level 3.0 Poison Magic


You had 3 spell levels left.
You knew the following spells:

 Your Spells              Type           Power      Damage    Failure   Level
a - Beastly Appendage     Tmut           32%        N/A       11%         1
b - Wereblood             Tmut           16%        N/A       14%         2
c - Spider Form           Tmut/Pois      7%         N/A       30%         3

Your spell library contained the following spells:

 Spells                   Type           Power      Damage    Failure   Level
 Animate Skeleton         Necr           2%         N/A       38%         1
 Apportation              Tloc           2%         N/A       38%         1
 Corona                   Hex            1%         N/A       38%         1
 Summon Small Mammal      Summ           4%         N/A       38%         1
 Ice Form                 Ice/Tmut       9%         N/A       80%         4
 Animate Dead             Necr           0%         N/A       96%         4
 Agony                    Necr           1%         N/A       100%        5


Dungeon Overview and Level Annotations

Branches:
Dungeon (5/15)             Temple (0/1) D:4

Altars:
Gozag
Nemelex Xobeh
Qazlal
Trog


Innate Abilities, Weirdness & Mutations

You are a venomous arachnid creature.
You have poisonous fangs.
You are tiny and dextrous.
Your spellcasting is less reliable in this form.
Your armour is entirely melded.
You are incapable of wielding weapons or throwing items.
You cannot wear most types of armour.
((You are amphibious.))
You can wear up to eight rings at the same time.
((Your skin changes colour to match your surroundings (Stealth+).))
((Your rubbery body absorbs attacks. (AC +1, EV +1)))
((You are camouflaged near water. (Stealth+)))
((You have tentacles for arms and can constrict up to eight enemies at once.))


Message History

You feel less wooden.
* * * LOW HITPOINT WARNING * * *
You feel sick.
You feel less attractive to monsters.
Really quaff the potion of attraction?
Okay, then.
Unknown command.
Okay, then.
As you read the scroll labelled VAOLEGR BIYTU, it crumbles to dust.
It is a scroll of enchant weapon.
You aren't carrying any weapons that can be enchanted.
* * * LOW HITPOINT WARNING * * *
You feel sick.
Casting: Spider Form (quite dangerous; 13% risk of failure)
Confirm with . or Enter, or press ? or * to list all spells.
The spell is quite dangerous to cast (13% risk of failure)!
Continue anyway? [Y]es or [N]o only, please.
The spell is quite dangerous to cast (13% risk of failure)!
Continue anyway?
Okay, then.
Unknown command.
Casting: Spider Form (quite dangerous; 13% risk of failure)
Confirm with . or Enter, or press ? or * to list all spells.
You don't know that spell.
Casting: Spider Form (quite dangerous; 13% risk of failure)
Confirm with . or Enter, or press ? or * to list all spells.
The spell is quite dangerous to cast (13% risk of failure)!
Continue anyway?
You turn into a venomous arachnid creature.
* * * LOW HITPOINT WARNING * * *
You feel sick.
Okay, then.
Blink to where?
Press: ? - help, Dir - move target
As you read the scroll labelled ZOD HUZOLEIMN, it crumbles to dust.
It was a scroll of blinking.
* * * LOW HITPOINT WARNING * * *
You feel sick.
As you read the scroll labelled EMIENK WEDEAG, it crumbles to dust.
The air around you briefly surges with heat, but it dissipates.
It was a scroll of immolation.
You die...
Your body crumbles into a pile of gold.

...............#
...............#
###########....# ...#
#....## . ..# #.....#
..#+######.###+#.....#
.........#.##..#.....#
.........#.....'.....#
........s'.....#.....#
.........##....#.....#
.####.....#....##...(....
#.....#.....#........
#....ยง#.....#........
#....$+.....+........
#.....#######........
###.... ##+###### #....#


There were no monsters in sight!

Vanquished Creatures
  A water moccasin (D:5)
  A jelly (D:4)
  An orc priest (D:3)
  Terence (D:3)
  2 orc wizards (D:3)
  2 adders
  An adder skeleton (D:4)
  2 worms (D:4)
  3 dart slugs
  5 orcs
  8 ball pythons
  7 bats
  8 endoplasms
  A giant cockroach (D:2)
  4 goblins
  6 hobgoblins
  4 kobolds
  2 quokkas (D:1)
  5 frilled lizards
  A quokka skeleton (D:4)
  8 rats
73 creatures vanquished.

Notes
Turn   | Place    | Note
-------+----------+-------------------------------------------
     0 | D:1      | bearlyready the Octopode Transmuter began the quest for the
                  | Orb.
     0 | D:1      | Reached XP level 1. HP: 13/13 MP: 3/3
    79 | D:1      | Found a faded altar of an unknown god.
   252 | D:1      | Reached XP level 2. HP: 12/18 MP: 3/5
  1152 | D:2      | Reached XP level 3. HP: 20/23 MP: 6/6
  1163 | D:2      | Learned a level 2 spell: Wereblood
  1167 | D:2      | Learned a level 3 spell: Spider Form
  1841 | D:2      | Got Xeghapt's Compendium of Stolen Souls
  2080 | D:3      | Noticed Terence
  2153 | D:3      | Killed Terence
  2154 | D:3      | Reached skill level 1 in Poison Magic
  2154 | D:3      | Reached XP level 4. HP: 17/28 MP: 4/7
  2339 | D:3      | Found a faded altar of an unknown god.
  2339 | D:3      | Found a sparkling altar of Nemelex Xobeh.
  2345 | D:3      | Found a faded altar of an unknown god.
  2347 | D:3      | Found a bloodstained altar of Trog.
  2349 | D:3      | Found an opulent altar of Gozag.
  2382 | D:3      | Became a worshipper of Gozag Ym Sagoz the Greedy
  2607 | D:3      | Found a stormy altar of Qazlal.
  3568 | D:3      | Reached XP level 5. HP: 33/33 MP: 4/8
  4054 | D:4      | Reached XP level 6. HP: 17/38 MP: 6/9
  4428 | D:4      | Found a staircase to the Ecumenical Temple.
  4672 | D:5      | Entered Level 5 of the Dungeon
  4791 | D:5      | Noticed a water moccasin
  4820 | D:5      | Killed a water moccasin
  4821 | D:5      | Reached skill level 1 in Stealth
  4826 | D:5      | HP: 1/38 [poisoned by a water moccasin]
  4827 | D:5      | Succumbed to a water moccasin's poison

Illustrated notes

Levels and vault maps discovered:
D:1:      dpeg_arrival_boxes_within_box, layout_basic,
          hellmonk_ecumenical_altar_pennies_from_heaven
D:2:      layout_rooms
D:3:      layout_basic, nicolae_qazlal_general_emergency,
          chequers_temple_overflow_minitemple, uniq_terence
D:4:      layout_basic, minmay_temple_entry_glass,
          chequers_serial_rivers_micro_c
D:5:      layout_gridville, uniq_blork_the_orc

Skill      XL: |  1  2  3  4  5  6 |
---------------+-------------------+-----
Transmutations | 3 4 |  4.4
Unarmed Combat | 4 |  4.9
Poison Magic   | 1 2 3 |  3.0
Stealth        | 1 |  1.9
Fighting       | |  1.0
Dodging        | |  2.0
Spellcasting   | |  2.0

Action                   |  1- 3 |  4- 6 || total
-------------------------+-------+-------++-------
Melee: Unarmed           |    86 |    96 ||   182
       Constrict         |    24 |    19 ||    43
       Kick              |     6 |       ||     6
       Tentacles         |     9 |     9 ||    18
       Punch             |     1 |     1 ||     2
 Cast: Beastly Appendage |     3 |       ||     3
       Spider Form       |     1 |     6 ||     7
  Use: Potion            |       |     6 ||     6
       Scroll            |       |     3 ||     3
 Stab: Sleeping          |     6 |     3 ||     9
       Distracted        |     1 |       ||     1
Armor: Skin              |     6 |     3 ||     9
Dodge: Dodged            |    61 |    63 ||   124
